[Event "Late-Titled-Tuesday-Blitz-March-12-2024"]
[Site "Chess.com"]
[Date "2024.03.12"]
[Round "3"]
[White "WindWhistler11"]
[Black "GMKrikor"]
[Result "0-1"]
[WhiteElo "2536"]
[BlackElo "2878"]
[TimeControl "180+1"]
[EndTime "14:26:32 PDT"]
[Termination "GMKrikor won by resignation"]

1. Nf3 d5 2. g3 Nc6 3. c4 d4 4. e3 e5 5. d3 Nf6 6. exd4 Nxd4 7. Nxd4 Qxd4 8. Nc3 c6 9. Be3 Qg4 10. Be2 Qh3 11.
Qb3 Be7 12. O-O-O O-O 13. d4 exd4 14. Rxd4 Bc5 15. Rd3 Bxe3+ 16. Rxe3 Qg2 17. Rf1 Bg4 18. Qd1 Rad8 19. Rd3 Rxd3 20. Qxd3 Bxe2 21. Qxe2 Re8 22. Qd3 Qxh2 23. Kb1 h5 24. Ne2 Qh3 25. Nf4 Qg4 26. Rh1 g6 27. a3 Qd7 28. Qc3 Ne4 29. Qc2 Qd4 30. Nd3 Qxc4 31. Re1 Qxc2+ 32. Kxc2 Nd6 33. Rxe8+ Nxe8 34. Nc5 Nd6 35. Kc3 Kf8 36. Kd4 Ke7 37. Ke5 f6+ 38. Kf4 g5+ 39. Ke3 b6 40. Nd3 Ke6 41.
Kd4 c5+ 42. Kc3 Kd5 0-1

[Event "Late-Titled-Tuesday-Blitz-March-12-2024"]
[Site "Chess.com"]
[Date "2024.03.12"]
[Round "3"]
[White "LikeWater"]
[Black "sjoerd893"]
[Result "1-0"]
[WhiteElo "2685"]
[BlackElo "2484"]
[TimeControl "180+1"]
[EndTime "14:26:32 PDT"]
[Termination "LikeWater won by resignation"]

1. e4 c5 2. Nf3 Nc6 3. Bc4 e6 4. O-O Nf6 5. Re1 Be7 6. e5 Nd5 7. d4 Nb6 8. Bf1 d6 9. exd6 Bxd6 10. dxc5 Bxc5 11. Qxd8+ Nxd8 12. Nc3 Nc6 13. Nb5 O-O 14. Nc7 Rb8 15. Bf4 Bd7 16. Rad1 Rbc8 17. Nb5 Nd5 18. Bd6 Bxd6 19. Nxd6 Rb8 20. c4 Nf6 21.
a3 h6 22. b4 a6 23. c5 Ne7 24.
Ne5 Bc6 25. Ndc4 Rfd8 26. Nd6 Rf8 27. Ndc4 Rbd8 28. Na5 Bd5 29. Rc1 Nd7 30. Nd3 Nc6 31. Nxb7 Rb8 32. Nd6 a5 33. b5 Nd4 34. a4 Nf6 35. c6 Bb3 36. c7 1-0

[Event "Late-Titled-Tuesday-Blitz-March-12-2024"]
[Site "Chess.com"]
[Date "2024.03.12"]
[Round "3"]
[White "newyorkmouse"]
[Black "enriquebutti"]
[Result "1-0"]
[WhiteElo "2574"]
[BlackElo "2235"]
[TimeControl "180+1"]
[EndTime "14:26:33 PDT"]
[Termination "newyorkmouse won by resignation"]

1. b3 e5 2. Bb2 d6 3. e3 Nf6 4.
c4 g6 5. Ne2 Bg7 6. g3 O-O 7.
Bg2 Re8 8. O-O c6 9. Nbc3 d5 10. cxd5 cxd5 11. Rc1 Nc6 12. f4 e4 13. a3 h5 14. h3 d4 15. Nb5 d3 16. Ned4 Bd7 17. Nd6 Nxd4 18. Bxd4 Re7 19. Nxb7 Qb8 20. Nc5 Bc6 21. b4 Qd6 22. Nb3 Ba4 23. Rc5 Nd7 24.
Bxg7 Nxc5 25. bxc5 Qd5 26. Bh6 Bxb3 27. Qa1 f6 28. Qxf6 Qf7 29. Qc3 Bd5 30. f5 Kh7 31.
Bg5 Rc7 32. fxg6+ Qxg6 33. Qe5 Rd7 34. Rf6 Qg7 35. Bxe4+ Bxe4 36. Qxe4+ 1-0

[Event "Late-Titled-Tuesday-Blitz-March-12-2024"]
[Site "Chess.com"]
[Date "2024.03.12"]
[Round "3"]
[White "N4700000"]
[Black "GoltsevDmitry2000"]
[Result "0-1"]
[WhiteElo "2494"]
[BlackElo "2691"]
[TimeControl "180+1"]
[EndTime "14:26:36 PDT"]
[Termination "GoltsevDmitry2000 won by resignation"]

1. e4 e6 2. d4 d5 3. Nc3 c5 4. exd5 exd5 5. Nf3 Nf6 6. Bb5+ Nc6 7. O-O Be7 8. dxc5 Bxc5 9. Re1+ Be6 10. Be3 Bxe3 11.
Rxe3 O-O 12. Nd4 Bd7 13. Bxc6 bxc6 14. Nb3 Qc7 15. h3 Rfe8 16. Rxe8+ Rxe8 17. Qd4 Bf5 18. Qd2 Qd6 19. Nd4 Bg6 20. Rd1 a6 21. Nde2 c5 22. Nf4 d4 23. Nxg6 hxg6 24. Qd3 Qe6 25. Na4 Qc6 26. b3 Nd5 27. Qf3 Qd6 28. c3 Nf4 29. cxd4 cxd4 30. Nb2 Ne2+ 31. Kh1 Nc3 32. Rf1 Qa3 33.
Nc4 Qxa2 34. Qd3 Nb5 35. Nb6 Qe2 36. Qxe2 Rxe2 37. Kg1 d3 38. Nc4 d2 39. Ne3 Nc3 0-1

[Event "Late-Titled-Tuesday-Blitz-March-12-2024"]
[Site "Chess.com"]
[Date "2024.03.12"]
[Round "3"]
[White "Willhaven3"]
[Black "prochn"]
[Result "0-1"]
[WhiteElo "2638"]
[BlackElo "2491"]
[TimeControl "180+1"]
[EndTime "14:26:37 PDT"]
[Termination "prochn won by resignation"]

1. e4 c6 2. d4 d5 3. exd5 cxd5 4. Bd3 Nc6 5. c3 g6 6. Bf4 Bg7 7. Nd2 Nh6 8. Ngf3 O-O 9. O-O f6 10. Re1 Nf7 11. Bg3 e5 12. dxe5 fxe5 13. Bb5 e4 14.
Bxc6 bxc6 15. Nd4 Ne5 16. Bxe5 Bxe5 17. Nxc6 Bxh2+ 18. Kxh2 Qh4+ 19. Kg1 Qxf2+ 20. Kh2 Rf4 21. Nf3 exf3 22. Qxd5+ Rf7 23. Ne7+ Kf8 24. Qd8+ Kg7 25. Qd4+ Qxd4 26. cxd4 f2 27. Rf1 Ba6 28. Rxf2 Rxf2 29. Nd5 0-1

[Event "Late-Titled-Tuesday-Blitz-March-12-2024"]
[Site "Chess.com"]
[Date "2024.03.12"]
[Round "3"]
[White "sorch29"]
[Black "SirStrateg"]
[Result "0-1"]
[WhiteElo "2456"]
[BlackElo "2652"]
[TimeControl "180+1"]
[EndTime "14:26:38 PDT"]
[Termination "SirStrateg won on time"]

1. c4 e5 2. Nc3 Nf6 3. Nf3 Nc6 4. e4 Bb4 5. d3 Bxc3+ 6. bxc3 d6 7. g3 h6 8. Bg2 Be6 9. h3 a6 10. a4 Rb8 11.
O-O O-O 12. Be3 Qd7 13. Kh2 b5 14. axb5 axb5 15. cxb5 Rxb5 16. Rb1 Ra5 17. Qc2 Rfa8 18. Rb2 d5 19. Rfb1 Ra4 20. exd5 Nxd5 21. Bc5 Bf5 22. Nd2 Nf6 23. Ne4 Nxe4 24. dxe4 Be6 25. f4 exf4 26. gxf4 Bc4 27. Rd1 Qe8 28. e5 Ra2 29. Rdb1 Rxb2 30. Rxb2 Rd8 31. Qe4 Bd5 32. Qxd5 Rxd5 33. Bxd5 Nxe5 34.
fxe5 Qxe5+ 35. Kg1 Qxd5 36. Bd4 Qg5+ 37. Kh2 c5 0-1

[Event "Late-Titled-Tuesday-Blitz-March-12-2024"]
[Site "Chess.com"]
[Date "2024.03.12"]
[Round "3"]
[White "GotCheeseCheckers"]
[Black "trriinu"]
[Result "1-0"]
[WhiteElo "2471"]
[BlackElo "2264"]
[TimeControl "180+1"]
[EndTime "14:26:38 PDT"]
[Termination "GotCheeseCheckers won on time"]

1. e3 d5 2. Ne2 Nf6 3. d3 c5 4. Nd2 Nc6 5. Nf3 e5 6. Ng3 Bd6 7. Be2 O-O 8. O-O e4 9. dxe4 Bxg3 10. exd5 Bxf2+ 11. Rxf2 Nxd5 12. c4 Nf6 13. Qxd8 Rxd8 14. b3 Ne4 15. Rf1 Nc3 16. Re1 Nxe2+ 17. Rxe2 Bg4 18.
Bb2 Rd3 19. Kf2 Rad8 20. h3 Bh5 21. Rc1 Nb4 22. Bc3 Nc6 23. Rcc2 Rd1 24. Red2 Bg6 25. Rxd8+ Rxd8 26. Rd2 Rxd2+ 27. Nxd2 f6 28. e4 Kf7 29. Ke3 Ke6 30. Nf3 a6 31. g4 Be8 32. g5 Ne7 33.
gxf6 gxf6 34. Nh4 f5 35. Nf3 fxe4 36. Ng5+ Kf5 37. Nxe4 Bc6 38. Nxc5 Ng6 39. Nd3 Kg5 40. Be1 Kh5 41. Bg3 Bg2 42. Nf2 Bc6 43. a4 Ne7 44. a5 Nf5+ 45. Kf4 Nd4 46. b4 Nc2 47. Nd3 Bg2 48.
h4 Bf1 49. Nc5 Bxc4 50. Nxb7 Nxb4 51. Nd6 Be2 52. Ne4 Nc6 53. Be1 Bd3 54. Ng3+ Kg6 55.
h5+ Kf6 56. Bc3+ Kf7 57. Kg5 Bc2 58. Nf1 Bd1 59. Ne3 Be2 60. Nd5 1-0

[Event "Late-Titled-Tuesday-Blitz-March-12-2024"]
[Site "Chess.com"]
[Date "2024.03.12"]
[Round "3"]
[White "ATM622"]
[Black "KSho99"]
[Result "1-0"]
[WhiteElo "2484"]
[BlackElo "2142"]
[TimeControl "180+1"]
[EndTime "14:26:39 PDT"]
[Termination "ATM622 won on time"]

1. d4 e6 2. c4 f5 3. Nf3 Nf6 4. g3 d5 5. Bg2 Be7 6. O-O Ne4 7. Nbd2 Nc6 8. b3 Nc3 9. Qe1 Nb4 10. Nb1 Ne4 11. Na3 c6 12. Bd2 a5 13.
c5 Bf6 14. Bxb4 axb4 15. Qxb4 h5 16. Ne5 h4 17. f3 hxg3 18. fxe4 dxe4 19. hxg3 Rxa3 20.
e3 Ra8 21. Nc4 Bg5 22. Nd6+ Kf8 23. Qd2 Kg8 24. Qf2 Qf6 25. Qe2 Qh6 26. Kf2 Qg6 27. Rh1 Rxh1 28. Rxh1 Bf6 29. Bh3 Be7 30. Nc4 1-0

[Event "Late-Titled-Tuesday-Blitz-March-12-2024"]
[Site "Chess.com"]
[Date "2024.03.12"]
[Round "3"]
[White "olgerts_indricans"]
[Black "LUISMIGUELOV"]
[Result "1-0"]
[WhiteElo "2409"]
[BlackElo "2123"]
[TimeControl "180+1"]
[EndTime "14:26:39 PDT"]
[Termination "olgerts_indricans won on time"]

1. e4 d6 2. d4 Nf6 3. Nc3 g6 4. Be3 Bg7 5. Qd2 O-O 6. Bh6 e5 7. Bxg7 Kxg7 8. Nf3 Nc6 9. O-O-O exd4 10. Nxd4 Re8 11. f3 Nxd4 12. Qxd4 Be6 13. Bb5 c6 14. Bc4 Bxc4 15. Qxc4 d5 16. exd5 cxd5 17. Nxd5 Nxd5 18. Rxd5 Qf6 19. Rhd1 Rac8 20. Qd4 Qxd4 21. R5xd4 Rc7 22. c3 Re2 23. R1d2 Rce7 24. Rxe2 Rxe2 25. Rd2 Re1+ 26. Kc2 Ra1 27. Kb3 Rh1 28. h3 Rg1 29. Kc4 Kf6 30.
Kc5 Ke6 31. b4 h5 32. c4 h4 33. b5 g5 34. b6 axb6+ 35. Kxb6 Rb1+ 36. Kc7 Rc1 37.
Kxb7 Rxc4 38. Kb6 f5 39. Kb5 Rc1 40. a4 g4 41. fxg4 fxg4 42. hxg4 Rb1+ 43. Ka6 Kf6 44. Rd5 Rb2 45. Rh5 Rxg2 46. Rxh4 Kg5 47. Rh8 Rb2 48. Rg8+ Kf6 49. a5 Ke7 50. Ka7 Kd7 51. g5 Kc7 52. g6 Rb7+ 53. Ka6 Rb1 54. g7 Rg1 55. Ka7 Rg5 56. a6 Rg6 57. Rb8 Rxg7 58. Rb7+ 1-0

[Event "Late-Titled-Tuesday-Blitz-March-12-2024"]
[Site "Chess.com"]
[Date "2024.03.12"]
[Round "3"]
[White "steepedgames"]
[Black "mr_gustavo"]
[Result "1-0"]
[WhiteElo "2547"]
[BlackElo "2712"]
[TimeControl "180+1"]
[EndTime "14:26:40 PDT"]
[Termination "steepedgames won on time"]

1. d4 Nf6 2. Bg5 g6 3. Bxf6 exf6 4. c4 Bg7 5. Nc3 O-O 6. e3 f5 7.
h4 h5 8. g3 c6 9. Nge2 d6 10.
Bg2 Nd7 11. O-O Nf6 12. Qc2 Re8 13. Nf4 Ng4 14. Rfe1 Bd7 15. b4 Qc7 16. Qb3 Rad8 17. a4 Bh6 18. a5 Bxf4 19. exf4 Rxe1+ 20. Rxe1 Re8 21. Rxe8+ Bxe8 22. Qd1 Qe7 23. Qe2 Qd8 24.
Qd2 Bd7 25. Bf3 Be6 26. d5 cxd5 27. Nxd5 Bxd5 28. Qxd5 Qe7 29. Kf1 b6 30. Bxg4 hxg4 31. a6 Kg7 32. b5 Kf6 33. Qd4+ Ke6 34. Ke2 Kd7+ 35. Kd2 Qe6 36. Qd3 Qf6 37. Qd5 Qb2+ 38. Ke3 Qc3+ 39. Ke2 Qc2+ 40. Kf1 Qb1+ 41. Ke2 Qc2+ 42.
Ke1 Qb1+ 43. Kd2 Qb2+ 44. Ke3 Qc3+ 45. Qd3 Qxd3+ 46. Kxd3 1-0

[Event "Late-Titled-Tuesday-Blitz-March-12-2024"]
[Site "Chess.com"]
[Date "2024.03.12"]
[Round "3"]
[White "chess_blitz00"]
[Black "DryCounty"]
[Result "0-1"]
[WhiteElo "2450"]
[BlackElo "2636"]
[TimeControl "180+1"]
[EndTime "14:26:41 PDT"]
[Termination "DryCounty won on time"]

1. Nf3 Nf6 2. g3 g6 3. Bg2 Bg7 4. O-O O-O 5. d3 d6 6. Nbd2 e5 7. c3 Nc6 8. e4 d5 9. Qc2 Re8 10. Re1 h6 11. a4 a6 12. b3 Bg4 13. Bb2 Qd7 14. exd5 Nxd5 15. Nc4 Rad8 16. Ne3 Be6 17. Nc4 Bf5 18. Nh4 Bh3 19. Rad1 Bxg2 20. Nxg2 Qh3 21. Nge3 Nf4 22. gxf4 exf4 23. Nf1 f3 24. Nce3 Ne5 25. d4 Ng4 26. c4 h5 27. d5 Bxb2 28.
Qxb2 Re4 29. Rd4 Rde8 30. Rxe4 Rxe4 31. d6 cxd6 32. Qc2 Nxe3 33. fxe3 Rg4+ 34. Ng3 h4 35. Qd2 hxg3 0-1

[Event "Late-Titled-Tuesday-Blitz-March-12-2024"]
[Site "Chess.com"]
[Date "2024.03.12"]
[Round "3"]
[White "Witik"]
[Black "Anton_Demchenko"]
[Result "0-1"]
[WhiteElo "2732"]
[BlackElo "2945"]
[TimeControl "180+1"]
[EndTime "14:26:43 PDT"]
[Termination "Anton_Demchenko won on time"]

1. d4 Nf6 2. Nf3 d6 3. Bg5 Nbd7 4. Nbd2 h6 5. Bh4 g5 6. Bg3 Nh5 7. e3 Bg7 8. Bc4 e6 9. c3 Qe7 10. Ng1 Ndf6 11. Ne2 Bd7 12. Qb3 O-O-O 13. Bb5 c6 14. Bd3 Nxg3 15. hxg3 d5 16. f4 Ng4 17. Nf1 f6 18. O-O-O e5 19. Rg1 exf4 20. exf4 Nf2 21. Qc2 Nxd1 22. Qxd1 h5 23. Kb1 Bh6 24. Nd2 Bg4 25.
Nf3 gxf4 26. gxf4 Kb8 27. a3 Qc7 28. Ka2 Bxf4 29. Qb3 Bd6 30. Nh4 Rhe8 31. Nc1 Bf4 32. Qc2 Bxc1 33. Qxc1 Qg3 34. Nf3 a6 35. Qd1 Re3 36.
a4 Rde8 37. a5 Qc7 0-1

[Event "Late-Titled-Tuesday-Blitz-March-12-2024"]
[Site "Chess.com"]
[Date "2024.03.12"]
[Round "3"]
[White "platy3"]
[Black "DavidGavrilescu18"]
[Result "1-0"]
[WhiteElo "2961"]
[BlackElo "2747"]
[TimeControl "180+1"]
[EndTime "14:26:47 PDT"]
[Termination "platy3 won by resignation"]

1. e4 c5 2. Nf3 e6 3. d4 cxd4 4. Nxd4 Nf6 5. Nc3 Nc6 6. Ndb5 Bb4 7. a3 Bxc3+ 8. Nxc3 d5 9. Bd3 dxe4 10. Nxe4 Nxe4 11.
Bxe4 Qxd1+ 12. Kxd1 Bd7 13. Be3 f5 14. Bf3 e5 15.
Kc1 O-O-O 16. Re1 h6 17. Bxc6 Bxc6 18. Bxa7 Rhe8 19. f3 e4 20. f4 e3 21. Rxe3 Rxe3 22. Bxe3 Bxg2 23. a4 Bf3 24. Bd2 g5 25. fxg5 hxg5 26.
Ra3 g4 27. Rc3+ Kb8 28. Bf4+ Ka7 29. b3 Re8 30. Kb2 Re4 31. Be3+ Kb8 32. a5 f4 33. Bb6 Be2 34. Rc5 f3 35. Rf5 Kc8 36. Rd5 Re8 37.
Rf5 Re7 38. Rf4 Rd7 39. Rf8+ 1-0

[Event "Late-Titled-Tuesday-Blitz-March-12-2024"]
[Site "Chess.com"]
[Date "2024.03.12"]
[Round "3"]
[White "NCchamp"]
[Black "Casper"]
[Result "0-1"]
[WhiteElo "2266"]
[BlackElo "2474"]
[TimeControl "180+1"]
[EndTime "14:26:47 PDT"]
[Termination "Casper won by checkmate"]

1. d4 Nf6 2. Bg5 b6 3. Bxf6 exf6 4. e4 Bb7 5. Bd3 c5 6. c3 d5 7. Qe2 dxe4 8. Bxe4 Bxe4 9. Qxe4+ Qe7 10. Qxe7+ Bxe7 11. Nf3 Nc6 12. dxc5 Bxc5 13. O-O O-O-O 14. Nbd2 g5 15. Nb3 g4 16. Nfd2 Ne5 17. Ne4 f5 18.
Nexc5 bxc5 19. Nxc5 Rd2 20. Rab1 Rhd8 21. Nb3 Rc2 22.
Nd4 Rd2 23. Rfd1 Rxd1+ 24. Rxd1 f4 25. Re1 Nd3 26. Re7 Rd7 27. Rxd7 Kxd7 28. b4 Nc1 29. a4 Na2 30. Ne2 f3 31. gxf3 gxf3 32. Nd4 Nxc3 33.
Nxf3 Nxa4 34. Ng5 f6 35. Ne4 Ke6 36. Kg2 Ke5 37. Nd2 Kd4 38. Kf3 Kc3 39. Ne4+ Kxb4 40. Nxf6 a5 41. Nxh7 Nc5 42. Nf6 a4 43. Nd5+ Kb3 44.
h4 a3 45. h5 a2 46. h6 a1=Q 47. Kg4 Qh8 48. Kh5 Ne6 49. Ne3 Nf4+ 50. Kg5 Nh3+ 51. Kh5 Nxf2 52. Nf5 Qf6 53. h7 Qxf5+ 54. Kh6 Qf6+ 55.
Kh5 Qg7 56. Kh4 Qg4# 0-1

[Event "Late-Titled-Tuesday-Blitz-March-12-2024"]
[Site "Chess.com"]
[Date "2024.03.12"]
[Round "3"]
[White "willcab71"]
[Black "wild3000"]
[Result "0-1"]
[WhiteElo "2137"]
[BlackElo "2410"]
[TimeControl "180+1"]
[EndTime "14:26:47 PDT"]
[Termination "wild3000 won by resignation"]

1. d4 Nf6 2. Nf3 d6 3. e3 g6 4. b3 Bg7 5. Bb2 O-O 6. g3 a5 7. Bg2 a4 8. a3 axb3 9. cxb3 Nc6 10. O-O Bg4 11. h3 Bf5 12. Nc3 Ne4 13. Nd2 Nxc3 14.
Bxc3 Qd7 15. Kh2 d5 16. b4 h5 17. Nb3 b6 18. Nd2 e5 19. Nf3 e4 20. Nd2 Na7 21.
a4 c5 22. bxc5 bxc5 23. Nb3 c4 24. Nc5 Qc6 25. f3 exf3 26. Bxf3 Be6 27. e4 dxe4 28. Bxe4 Bd5 29. Bc2 Nc8 30. Qd2 Nd6 31. Qg5 Ne4 32.
Nxe4 Bxe4 33. Bxe4 Qxe4 34. Rae1 Qc2+ 35. Bd2 Rxa4 36.
Rf2 c3 37. Be3 Qd3 38. Ree2 Bxd4 39. Bxd4 Rxd4 40. Re3 Qc4 41. Rc2 Rd2+ 42. Rxd2 cxd2 0-1

[Event "Late-Titled-Tuesday-Blitz-March-12-2024"]
[Site "Chess.com"]
[Date "2024.03.12"]
[Round "3"]
[White "AsaHoffmann"]
[Black "PawnEatingZombie"]
[Result "1-0"]
[WhiteElo "2402"]
[BlackElo "2099"]
[TimeControl "180+1"]
[EndTime "14:26:49 PDT"]
[Termination "AsaHoffmann won on time"]

1. d4 e6 2. e4 d5 3. e5 c5 4. Nf3 Nc6 5. Bd3 cxd4 6. O-O Nge7 7. Bf4 Ng6 8. Bg3 Be7 9. a3 a5 10. Nbd2 a4 11. Qe2 O-O 12. Rfe1 Bd7 13. h3 Qb6 14.
Rab1 Qa5 15. h4 Rfc8 16. h5 Nf8 17. h6 g6 18. Bh4 Qd8 19. Bg3 Na7 20. Nxd4 Bc6 21.
c3 Nd7 22. N2f3 Qf8 23. Qe3 b5 24. Bf4 Rc7 25. Bg5 Rac8 26. Qf4 Rb7 27. Qg4 Nc5 28. Bc2 Bd7 29. Re3 Ne4 30. Bxe4 dxe4 31. Rxe4 Nc6 32. Rd1 Na5 33. Rf4 Nc4 34. Bxe7 Qxe7 35. Ng5 Nxe5 36.
Qg3 Be8 37. Ne4 f5 38. Ng5 Bf7 39. Re1 Nd3 40. Nxf5 Qf6 41. Ne7+ Qxe7 42. Rxf7 Qxf7 43. Nxf7 Nxe1 44. Nd6 Rd7 45. Nxc8 Rd1 46. Kh2 1-0

[Event "Late-Titled-Tuesday-Blitz-March-12-2024"]
[Site "Chess.com"]
[Date "2024.03.12"]
[Round "3"]
[White "yuriydovzik"]
[Black "TheAlienParty"]
[Result "1-0"]
[WhiteElo "2108"]
[BlackElo "2384"]
[TimeControl "180+1"]
[EndTime "14:26:49 PDT"]
[Termination "yuriydovzik won by resignation"]

1. b3 e5 2. Bb2 Nc6 3. e3 d6 4. d4 g6 5. dxe5 dxe5 6. Qxd8+ Kxd8 7. Nd2 Be6 8. O-O-O Kc8 9. f4 Bg7 10. Ngf3 Nge7 11. Bc4 Nd5 12. Bxd5 Bxd5 13. fxe5 Re8 14. e4 Be6 15. Ng5 Bxe5 16. Nxe6 Bxb2+ 17. Kxb2 Rxe6 18. Rhf1 Nd8 19. Rf4 a5 20. a4 c6 21. h4 Kc7 22.
Nf3 h6 23. e5 b5 24. axb5 cxb5 25. Rfd4 a4 26. Rd7+ Kc6 27. Rxd8 a3+ 28. Ka2 Ra7 29.
R8d6+ Rxd6 30. exd6 f6 31. d7 Rxd7 32. Rxd7 Kxd7 33.
Kxa3 Ke6 34. Kb4 Kf5 35. Kxb5 Kg4 36. c4 Kg3 37. c5 Kxg2 38. Nd4 g5 39. hxg5 fxg5 40.
c6 g4 41. Nf5 h5 42. c7 g3 43. c8=Q h4 44. Qc2+ Kh3 45. Nxh4 Kxh4 46. Qg2 Kg4 47.
Kc4 Kf4 48. Kd3 1-0

[Event "Late-Titled-Tuesday-Blitz-March-12-2024"]
[Site "Chess.com"]
[Date "2024.03.12"]
[Round "3"]
[White "Schattman"]
[Black "grandcoach"]
[Result "1-0"]
[WhiteElo "2439"]
[BlackElo "2196"]
[TimeControl "180+1"]
[EndTime "14:26:51 PDT"]
[Termination "Schattman won on time"]

1. f4 c5 2. Nf3 Nc6 3. e4 g6 4.
g3 Bg7 5. Bg2 e6 6. O-O Nge7 7. c3 d5 8. d3 O-O 9. Be3 d4 10. Bf2 b6 11. Na3 Bb7 12. c4 Qd7 13. b3 Rad8 14. Nc2 a6 15. a3 b5 16. Qd2 e5 17. fxe5 Nxe5 18. Nxe5 Bxe5 19. Ne1 Bg7 20. Nf3 f5 21. Bh3 Qc6 22. Bg2 fxe4 23. dxe4 d3 24. Rae1 b4 25. axb4 cxb4 26. Qxb4 Qd6 27. Qxd6 Rxd6 28.
Nd2 Bc3 29. Rd1 Nc6 30. Bc5 Bd4+ 31. Bxd4 Nxd4 32. e5 Ne2+ 33. Kh1 Rb6 34. Rxf8+ Kxf8 35. Bxb7 Rxb7 36. Kg2 Rf7 37. Rf1 Rxf1 38. Kxf1 Ke7 39. Kf2 Ke6 40. Ke3 Nc1 41. Ke4 a5 42. g4 h6 43. h3 h5 44. gxh5 gxh5 45. h4 1-0

[Event "Late-Titled-Tuesday-Blitz-March-12-2024"]
[Site "Chess.com"]
[Date "2024.03.12"]
[Round "3"]
[White "JacksterThePro"]
[Black "Jarming"]
[Result "1/2-1/2"]
[WhiteElo "2471"]
[BlackElo "2650"]
[TimeControl "180+1"]
[EndTime "14:26:52 PDT"]
[Termination "Game drawn by repetition"]

1. Nf3 g6 2. c4 c5 3. g3 Nc6 4.
Bg2 Bg7 5. O-O e5 6. Nc3 Nge7 7.
Ne1 d6 8. Nc2 Be6 9. Ne3 O-O 10.
a3 Rb8 11. Rb1 a5 12. Ned5 Qd7 13. d3 Bh3 14. Qa4 Bxg2 15. Kxg2 Rfd8 16. Bg5 h6 17. Bxh6 Nxd5 18. Nxd5 b5 19. cxb5 Qe6 20. Nc7 Qe7 21.
Bxg7 Kxg7 22. Nd5 Qe6 23. e4 Nd4 24. b6 Rdc8 25. Qxa5 c4 26. dxc4 Rxc4 27. Rfc1 Nb3 28. Qa7 Nxc1 29. Qxb8 Rxe4 30. Nc7 Qc4 31. Ne8+ Kh7 32.
Nxd6 Qd5 33. Nxe4 Qxe4+ 34. f3 Qc2+ 35. Kh3 Qf5+ 36. Kg2 Qc2+ 37. Kh3 Qxb1 38. Qxe5 Nd3 39. Qf6 Qf1+ 40. Kh4 Qe2 41. Qxf7+ Kh6 42. Qf8+ Kh7 43. Qf7+ Kh6 44. h3 Ne5 45. Qf8+ Kh7 46. Qe7+ Kg8 47.
Qe6+ Kh7 48. Qe7+ Kg8 49. Qe6+ Kg7 50. Qe7+ Kg8 1/2-1/2

[Event "Late-Titled-Tuesday-Blitz-March-12-2024"]
[Site "Chess.com"]
[Date "2024.03.12"]
[Round "3"]
[White "BilodeauA"]
[Black "TheCavemanChess"]
[Result "1-0"]
[WhiteElo "3012"]
[BlackElo "2766"]
[TimeControl "180+1"]
[EndTime "14:26:53 PDT"]
[Termination "BilodeauA won by resignation"]

1. e4 c5 2. Nf3 d6 3. d4 cxd4 4. Nxd4 Nf6 5. Nc3 a6 6. Be2 e6 7. O-O Be7 8. f4 Qc7 9. a4 O-O 10. Be3 b6 11. Bf3 Bb7 12. g4 h6 13. h4 d5 14. e5 Ne4 15. g5 Nxc3 16. bxc3 Qxc3 17. Bf2 Bc5 18. Kg2 Nc6 19. Ne2 Qa5 20. Be1 Bb4 21. c3 Bc5 22. gxh6 f6 23. hxg7 Rf7 24. Kh3 fxe5 25.
Bg4 Bc8 26. Nc1 b5 27. Nb3 Qb6 28. axb5 Qxb5 29. Be2 Qb6 30. h5 exf4 31. h6 Rf6 32. h7+ Kxh7 33. Bd3+ Kg8 34. Qh5 e5+ 35. Kh2 Kxg7 36.
Nxc5 Qxc5 37. Bh4 1-0

[Event "Late-Titled-Tuesday-Blitz-March-12-2024"]
[Site "Chess.com"]
[Date "2024.03.12"]
[Round "3"]
[White "jefferyx"]
[Black "ameetghasi100"]
[Result "1-0"]
[WhiteElo "3088"]
[BlackElo "2811"]
[TimeControl "180+1"]
[EndTime "14:26:55 PDT"]
[Termination "jefferyx won by resignation"]

1. e4 g6 2. d4 d6 3. Nf3 Nf6 4. Nc3 Bg7 5. Be3 O-O 6. Qd2 Nc6 7. O-O-O Bg4 8. Be2 e5 9. dxe5 dxe5 10. Qe1 Qc8 11. h3 Bxf3 12. Bxf3 Re8 13. Kb1 a6 14. g4 Nd4 15. Be2 c6 16. g5 Nd7 17. h4 Nc5 18. h5 Nce6 19. Bg4 Qc7 20. hxg6 hxg6 21. Qg1 Rad8 22. Qh2 Kf8 23. Qg3 Nf4 24. Rh7 Nde6 25. Bxe6 Rxd1+ 26. Nxd1 Nxe6 27. Nc3 Ke7 28. Nd5+ cxd5 29.
exd5 Rc8 30. c3 Qc4 31. dxe6 Qd3+ 32. Kc1 Qf1+ 33. Kc2 Rd8 34. Bc5+ Kxe6 35. Qg4+ Kd5 36.
Rxg7 Kxc5 37. Qb4+ Kc6 38. Qe4+ Kb6 39. Qe3+ Kc6 40.
Qf3+ Kb6 41. Rxf7 Rb8 42. Qe3+ Kc6 43. Rf6+ Kd5 44. Qd2+ Ke4 45. f3+ Qxf3 46. Rxf3 Kxf3 47. Qd3+ Kf4 48. Qxg6 Rf8 49. Qf6+ Rxf6 50. gxf6 e4 51. f7 Ke3 52. f8=Q Ke2 1-0

[Event "Late-Titled-Tuesday-Blitz-March-12-2024"]
[Site "Chess.com"]
[Date "2024.03.12"]
[Round "3"]
[White "Polish_fighter3000"]
[Black "rezamahdavi2008"]
[Result "1-0"]
[WhiteElo "3136"]
[BlackElo "2860"]
[TimeControl "180+1"]
[EndTime "14:26:56 PDT"]
[Termination "Polish_fighter3000 won by resignation"]

1. d4 Nf6 2. c4 e6 3. Nc3 Bb4 4. Qc2 b6 5. a3 Bxc3+ 6. Qxc3 Bb7 7. f3 d5 8. Bg5 O-O 9. cxd5 exd5 10. e3 Re8 11. Bb5 c6 12. Ba4 h6 13. Bh4 Nbd7 14. Ne2 Ba6 15. Bf2 c5 16. b4 Bc4 17. Bd1 cxd4 18.
Qxd4 Rc8 19. O-O Ba6 20. Ra2 Ne5 21. Ba4 Re6 22. Rd1 Re7 23. Nf4 Bc4 24. Rad2 Qc7 25. Bg3 Qb7 26. Qa1 b5 27. Bc2 Rce8 28. Bf2 g5 29. Ne2 g4 30. f4 Ned7 31. Ng3 Ne4 32. Nf5 Ndf6 33. Bxe4 1-0

[Event "Late-Titled-Tuesday-Blitz-March-12-2024"]
[Site "Chess.com"]
[Date "2024.03.12"]
[Round "3"]
[White "GOGIEFF"]
[Black "lamomiajunior"]
[Result "1-0"]
[WhiteElo "3020"]
[BlackElo "2780"]
[TimeControl "180+1"]
[EndTime "14:26:56 PDT"]
[Termination "GOGIEFF won by resignation"]

1. c4 g6 2. d4 Bg7 3. Nc3 d6 4. e4 Nc6 5. d5 Nb8 6. Nf3 Nf6 7. h3 c5 8. Bd3 O-O 9. O-O Na6 10. Re1 Nd7 11.
Bf4 Nc7 12. Qd2 a6 13. a4 Rb8 14. e5 dxe5 15. Nxe5 Nxe5 16. Bxe5 Bxe5 17. Rxe5 e6 18. Rae1 b5 19. axb5 axb5 20. Qh6 f5 21. dxe6 Qxd3 22.
e7 Re8 23. Rxc5 Qd6 24. Nd5 Nxd5 25. Rxd5 Qf6 26. c5 Rb7 27. Rd8 Qf7 28. Qf8+ Qxf8 29.
exf8=Q+ Rxf8 30. Ree8 Rxe8 31. Rxe8+ Kf7 32. Rxc8 b4 33.
Rc6 Ke7 34. Kh2 Kd7 35. Rd6+ Kc7 36. Rf6 Kc8 37. Kg3 Rc7 38. c6 Kb8 39. Kf4 Ka7 40.
Ke5 Kb6 41. Kd5 Rc8 42. Kc4 1-0

[Event "Late-Titled-Tuesday-Blitz-March-12-2024"]
[Site "Chess.com"]
[Date "2024.03.12"]
[Round "3"]
[White "AccioChess"]
[Black "JaackCamel"]
[Result "1-0"]
[WhiteElo "2430"]
[BlackElo "2200"]
[TimeControl "180+1"]
[EndTime "14:26:56 PDT"]
[Termination "AccioChess won by resignation"]

1. e4 e6 2. d4 d5 3. Nc3 Bb4 4. e5 Ne7 5. a3 Bxc3+ 6. bxc3 b6 7. a4 Ba6 8. Bxa6 Nxa6 9. Qg4 Ng6 10. Nf3 Nb8 11. h4 h5 12. Qg3 Nc6 13. Ng5 Qd7 14. Qf3 Na5 15. g3 Nc4 16. a5 Nxa5 17. Kf1 Nc4 18.
Kg2 a5 19. Ba3 c6 20. Rhb1 Ra7 21. Bc5 Nd2 22. Rxb6 Nxf3 23. Rb8+ Qd8 24. Rxd8+ Kxd8 25. Bxa7 Nxg5 26. hxg5 Kc7 27. Rxa5 Ra8 28. Bb6+ Kb7 29. Rxa8 Kxa8 30. Bc5 Kb7 31. f4 Ka6 32. Kf3 Kb5 33.
g4 hxg4+ 34. Kxg4 Kc4 35. Bb4 Kb5 36. f5 exf5+ 37. Kxf5 Nh4+ 38. Kg4 Ng6 39. Ba3 Kb6 40. Bd6 Kb7 41. e6 fxe6 42. Kh5 Nh8 43. g6 Kc8 44.
Be5 Kd7 45. Bxg7 Nxg6 46. Kxg6 c5 47. Be5 cxd4 48. cxd4 Kc6 49. Kf7 Kd7 50. Kf6 Kc6 51. Kxe6 1-0